 Dungeon Crawl Stone Soup version 0.31-a0-7-g51783674b7 (webtiles) character file.

Game seed: 8296970570088317760

135 Lobster4 the Gusty (level 5, -4/29 HPs)
             Began as a Tengu Air Elementalist on May 5, 2023.
             Killed from afar by an orc wizard (13 damage)
             ... with a puff of flame
             ... on level 2 of the Dungeon.
             The game lasted 00:06:06 (2387 turns).

Lobster4 the Gusty (Tengu Air Elementalist)         Turns: 2387, Time: 00:06:06

Health: -4/29      AC:  3    Str: 10    XL:     5   Next: 18%
Magic:  9/9        EV: 15    Int: 22    God:
Gold:   94         SH:  0    Dex: 14    Spells: 4/8 levels left

rFire   . . .        f - +0 short sword
rCold   . . .        (no shield)
rNeg    . . .        a - +0 robe
rPois   .            (helmet restricted)
rElec   .            k - +0 cloak
rCorr   .            (no gloves)
SInv    .            (boots unavailable)
Will    .....        m - amulet of magic regeneration
Stlth   ++           j - +6 ring of intelligence
HPRegen 0.24/turn    (no ring)
MPRegen 0.51/turn

%: no passive effects
@: flying quickly and evasively, quick
A: beak, talons 3, nimble flight
a: no special abilities


You were on level 2 of the Dungeon.
You visited 1 branch of the dungeon, and saw 3 of its levels.

You collected 94 gold pieces.

Inventory:

Hand Weapons
 e - a +0 dagger
 f - a +0 short sword (weapon)
Missiles
 d - 22 stones
Armour
 a - a +0 robe (worn)
 k - a +0 cloak (worn)
Jewellery
 j - a +6 ring of intelligence (left hand)
 m - an amulet of magic regeneration (around neck)
Scrolls
 c - 3 scrolls of identify {unknown}
 g - a scroll of acquirement {unknown}
 h - a scroll of immolation {unknown}
 l - a scroll of butterflies {unknown}
 r - a scroll of enchant weapon {unknown}
Potions
 b - 3 potions of magic
 i - a potion of heal wounds {unknown}
 n - 2 potions of berserk rage {unknown}
 o - 3 potions of curing {unknown}
 p - a potion of mutation {unknown}
 q - a potion of resistance {unknown}


   Skills:
 + Level 1.0 Fighting
 + Level 1.4 Short Blades
 + Level 1.1 Throwing
 + Level 1.7 Armour
 + Level 2.8 Dodging
 - Level 2.0 Stealth
 + Level 2.3 Spellcasting
 + Level 2.4 Conjurations
 * Level 5.0 Air Magic


You had 4 spell levels left.
You knew the following spells:

 Your Spells              Type           Power      Damage    Failure   Level
a - Shock                 Conj/Air       76%        1d7       2%          1
b - Swiftness             Air            24%        N/A       4%          3

Your spell library contained the following spells:

 Spells                   Type           Power      Damage    Failure   Level
 Static Discharge         Conj/Air       38%        2-4/arc   4%          2
 Airstrike                Air            12%        2d(2-18)  17%         4


Dungeon Overview and Level Annotations

Branches:
Dungeon (3/15)

Altars:


Innate Abilities, Weirdness & Mutations

You have a beak for a mouth.
You have claws for feet.
Your magical nature lets you fly swiftly and evasively.


Message History

There is a stone staircase leading up here.
You fly upwards.
There is a stone staircase leading down here.
There is an open door here.
You see here a +0 pair of boots.
There is a stone staircase leading down here.
You fly downwards.
The orc hits you with a +0 hand axe.
The orc wizard hits you with a +0 dagger.
Found 18 gold pieces.
There is a stone staircase leading up, spattered with blood here.
The orc hits you with a +0 hand axe.
The orc wizard hits you with a +0 dagger.
You fly upwards.
There is a stone staircase leading down here.
Really fly into that dispersal trap?
You enter a dispersal trap!
The orc blinks!
The orc wizard blinks!
You blink.
Casting: Shock (safe; 2% risk of failure)
Confirm with . or Enter, or press ? or * to list all spells.
Aiming: Shock (safe; 2% risk of failure)
Press: ? - help, Shift-Dir - straight line The zap hits the orc wizard.
The orc wizard is lightly wounded.
The zap hits the orc wizard.
The orc wizard is moderately wounded.
The orc hits you with a +0 hand axe.
The orc wizard points at you and mumbles some strange words.
The puff of flame hits you.
Casting: Shock (safe; 2% risk of failure)
Confirm with . or Enter, or press ? or * to list all spells.
Aiming: Shock (safe; 2% risk of failure)
Press: ? - help, Shift-Dir - straight line, f - orc
Aim: an orc, wielding a +0 hand axe (71% to hit)
The zap hits the orc.
The orc is lightly wounded.
The zap hits the orc wizard.
The orc wizard is heavily wounded.
The orc hits you with a +0 hand axe. The orc wizard casts a spell at you.
The puff of flame hits you!
You die...

##.#############
##.#.##.........#
###.###.#.#######.#
##############..## ##.>##### #.#
.....##.....#..## ##.>.[.# #.#
####.##.###.....## ##..###.# #.#
#.........#.#....###...# #.# #.#
#.##.##.#........o#.#.^###.###.#
...#.##.###.##..@.o............#
...#.##.....##.############.####
.....#########'## #.# #.####
##..)## #.# #.#### ##.....##
####.# #.##.## ##.......##
##.##.#
#.#...####.........####...#.#####
#........'.........'.............
#.#...####.........####...#.#####


You could see an orc wizard and an orc.

Vanquished Creatures
  6 gnolls (D:2)
  2 adders
  A worm (D:2)
  3 dart slugs
  3 ball pythons (D:1)
  3 bats
  5 endoplasms
  A giant cockroach (D:1)
  5 goblins
  6 hobgoblins
  3 jackals (D:2)
  A quokka (D:2)
  3 frilled lizards
  6 kobolds
  5 rats
53 creatures vanquished.

Notes
Turn   | Place    | Note
-------+----------+-------------------------------------------
     0 | D:1      | Lobster4 the Tengu Air Elementalist began the quest for the
                  | Orb.
     0 | D:1      | Reached XP level 1. HP: 10/10 MP: 4/4
   224 | D:1      | Reached XP level 2. HP: 15/15 MP: 3/6
   829 | D:1      | Reached XP level 3. HP: 20/20 MP: 4/7
  1497 | D:2      | Reached skill level 1 in Armour
  1560 | D:2      | Learned a level 3 spell: Swiftness
  1743 | D:2      | Reached skill level 1 in Short Blades
  1743 | D:2      | Reached XP level 4. HP: 24/24 MP: 4/8
  1864 | D:2      | Reached skill level 1 in Throwing
  1866 | D:2      | Reached skill level 1 in Fighting
  1871 | D:2      | Gained mutation: Your magical nature lets you fly swiftly
                  | and evasively. [Tengu growth]
  1871 | D:2      | Reached XP level 5. HP: 25/29 MP: 3/9
  2306 | D:3      | Reached skill level 5 in Air Magic
  2311 | D:3      | Noticed a water moccasin
  2387 | D:2      | Killed from afar by an orc wizard

Illustrated notes

Levels and vault maps discovered:
D:1:      evilmike_arrival_crescent, layout_basic,
          nicolae_kite_square_tiling_tiny
D:2:      layout_loops_corners
D:3:      layout_basic, hellmonk_ecumenical_altar_slurped_away, serial_shops,
          shop, minmay_misc_feat_rows, minmay_bisected

Skill      XL: |  1  2  3  4  5 |
---------------+----------------+-----
Armour         | 1 |  1.7
Conjurations   | 2 |  2.4
Short Blades   | 1 |  1.4
Throwing       | 1 |  1.1
Fighting       | 1 |  1.0
Air Magic      | 5 |  5.0
Dodging        | |  2.8
Stealth        | |  2.0
Spellcasting   | |  2.3

Action                     |  1- 3 |  4- 6 || total
---------------------------+-------+-------++-------
  Melee: Club              |     1 |       ||     1
         Short sword       |       |     1 ||     1
         Kick              |       |     1 ||     1
   Cast: Shock             |    75 |    40 ||   115
   Stab: Sleeping          |       |     1 ||     1
 Armour: Robe              |     2 |     3 ||     5
  Dodge: Dodged            |    11 |     5 ||    16

Table legend: (Time is in decaauts)
 A = Elapsed time spent in this place.
 B = Non-inter-level travel time spent in this place.
 C = Inter-level travel time spent in this place.
 D = Time resting spent in this place.
 E = Time spent auto-exploring this place.
 F = Levels seen in this place.
 G = Mean time per level.
                   A        B        C        D        E       F      G
               +--------+--------+--------+--------+--------+-----+--------+
         Total |   2343 |   2191 |    152 |     94 |   1740 |   3 |  781.0 |
       Dungeon |   2343 |   2191 |    152 |     94 |   1740 |   3 |  781.0 |
               +--------+--------+--------+--------+--------+-----+--------+

Top non-repeatable levels by time:
     D:1: 1227 daAuts
     D:2: 1099 daAuts
     D:3: 16 daAuts
